 Dungeon Crawl Stone Soup version 0.30-a0-1085-g990a428a5c (webtiles) character file.

Game seed: 9484389277081561263

15439 billz999 the Blocker (level 12, 0/123 HPs)
             Began as a Troll Fighter on Apr 15, 2023.
             Was an Elder of Makhleb.
             Slain by a wolf (9 damage)
             ... on level 1 of the Lair of Beasts on Apr 16, 2023.
             The game lasted 00:36:13 (10219 turns).

billz999 the Blocker (Troll Fighter)               Turns: 10219, Time: 00:36:13

Health: 0/123      AC:  5    Str: 31    XL:     12   Next: 1%
Magic:  11/11      EV:  8    Int:  4    God:    Makhleb [****..]
Gold:   605        SH: 15    Dex:  9    Spells: 11/11 levels left

rFire   . . .      SeeInvis +      - Unarmed
rCold   + . .      Faith    .    B - +0 tower shield
rNeg    . . .      Spirit   .    S - +1 robe {rC+}
rPois   .          Reflect  .    (helmet restricted)
rElec   .          Rampage  .    (no cloak)
rCorr   +                        (gloves unavailable)
Will    .....                    (boots unavailable)
Stlth   +                        y - amulet of the acrobat
HPRegen 1.20/turn                e - ring of resist corrosion
MPRegen 0.12/turn                F - ring of see invisible

@: flying, hasted, very quick
A: large, unfitting armour, claws 3, regeneration 1, shaggy fur 1, tough skin 1
a: Renounce Religion, Minor Destruction, Lesser Servant of Makhleb, Major
Destruction


You were on level 1 of the Lair of Beasts.
You worshipped Makhleb.
Makhleb was greatly pleased with you.
You visited 3 branches of the dungeon, and saw 13 of its levels.

You collected 605 gold pieces.

Inventory:

Hand Weapons
 x - a +0 arbalest
Missiles
 n - 35 poisoned darts (quivered)
 J - 4 javelins
 T - 3 large rocks
 U - a throwing net
Armour
 a - a +0 robe
 b - a +0 kite shield
 B - a +0 tower shield (worn)
 S - a +1 robe of cold resistance (worn)
Magical Staves
 E - a staff of earth
Jewellery
 e - a ring of resist corrosion (left claw)
 o - an amulet of regeneration
 y - an amulet of the acrobat (around neck)
 F - a ring of see invisible (right claw)
 P - a ring of flight
 R - a ring of ice
Wands
 t - a wand of digging (2)
 D - a wand of quicksilver (8)
 M - a wand of charming (9)
 O - a wand of roots (3)
 Q - a wand of mindburst (9)
Scrolls
 c - 3 scrolls of blinking
 d - a scroll of butterflies {unknown}
 g - 6 scrolls of enchant weapon {unknown}
 h - 3 scrolls of fog {unknown}
 j - 5 scrolls of noise {unknown}
 l - 8 scrolls of identify {unknown}
 r - 2 scrolls of acquirement {unknown}
 s - 3 scrolls of fear {unknown}
 v - 2 scrolls of amnesia {unknown}
 w - 5 scrolls of teleportation {unknown}
 z - 2 scrolls of magic mapping {unknown}
 H - 2 scrolls of vulnerability {unknown}
 I - a scroll of silence {unknown}
 K - 2 scrolls of immolation {unknown}
 L - a scroll of torment {unknown}
Potions
 f - 4 potions of flight
 i - 2 potions of haste
 k - 3 potions of attraction {unknown}
 m - 2 potions of degeneration {unknown}
 p - 9 potions of curing
 q - 2 potions of heal wounds {unknown}
 u - a potion of experience {unknown}
 A - a potion of lignification {unknown}
 C - a potion of might
 G - 2 potions of brilliance {unknown}
 N - 2 potions of resistance


   Skills:
 * Level 9.0 Fighting
 - Level 4.1 Throwing
 - Level 2.6 Dodging
 * Level 11.8 Shields
 + Level 10.5 Unarmed Combat


You had 11 spell levels left.
You didn't know any spells.
Your spell library contained the following spells:

 Spells                   Type           Power      Damage    Failure   Level
 Magic Dart               Conj           0%         1d3       89%         1
 Lesser Beckoning         Tloc           0%         N/A       96%         2
 Searing Ray              Conj           0%         2d4       96%         2
 Static Discharge         Conj/Air       0%         2-2/arc   96%         2
 Sublimation of Blood     Necr           0%         N/A       96%         2
 Gell's Gravitas          Tloc           0%         N/A       99%         3
 Inner Flame              Hex/Fire       0%         N/A       99%         3
 Teleport Other           Tloc           0%         N/A       99%         3
 Airstrike                Air            0%         2d(0-16)  100%        4
 Fulminant Prism          Conj/Hex       0%         3d5       100%        4
 Petrify                  Tmut/Erth      0%         N/A       100%        4
 Summon Lightning Spire   Summ/Air       0%         N/A       100%        4
 Fireball                 Conj/Fire      0%         3d3       100%        5
 Irradiate                Conj/Tmut      0%         3d11      100%        5
 Iskenderun's Battlesphe  Conj           0%         2d6       100%        5
 Yara's Violent Unravell  Hex/Tmut       0%         3d3       100%        5
 Conjure Ball Lightning   Conj/Air       0%         3x3d6     100%        6
 Simulacrum               Ice/Necr       0%         N/A       100%        6
 Enfeeble                 Hex            0%         N/A       100%        7
 Orb of Destruction       Conj           0%         9d5       100%        7
 Ozocubu's Refrigeration  Ice            0%         4d7       100%        7
 Polar Vortex             Ice            0%         N/A       100%        9


Dungeon Overview and Level Annotations

Branches:
Dungeon (11/15)            Temple (1/1) D:7            Lair (1/5) D:11
    Orc (0/2) D:9

Altars:
Ashenzari
Cheibriados
Dithmenos
Elyvilon
Fedhas
Gozag
Hepliaklqana
Kikubaaqudgha
Makhleb
Okawaru
Ru
Sif Muna
Trog
Uskayaw
Wu Jian
Yredelemnul
The Shining One

Shops:
D:7 *   D:9 [   D:11 *:([

Annotations:
Lair:1 1 transporter


Innate Abilities, Weirdness & Mutations

You are too large for most types of armour.
You have claws for hands.
Your natural rate of healing is unusually fast.
You are covered in fur. (AC +1)
You have tough skin. (AC +1)


Message History

You feel yourself speed up. You block the wolf's attack. x2
The wolf bites you.
* * * LOW HITPOINT WARNING * * *
The wolf bites you.
* * * LOW HITPOINT WARNING * * *
The wolf barely misses you. The wolf misses you.
You miss the wolf.
The wolf is moderately wounded.
The wolf bites you but does no damage. x2
The wolf bites you but does no damage.
You scratch the wolf but do no damage.
The wolf is lightly wounded.
The wolf bites you but does no damage. You block the wolf's attack.
You mangle the wolf!!
The wolf is almost dead.
The bullfrog hits you.
* * * LOW HITPOINT WARNING * * *
You block the wolf's attack. x2
You scratch the wolf.
You kill the wolf!
Makhleb accepts your kill.
You feel better. The wolf barely misses you. You block the bullfrog's attack.
Your Fighting skill increases to level 9!
The wolf attacks as you move away! You block the wolf's attack.
You miss the wolf. The wolf barely misses you. You block the wolf's attack.
You scratch the wolf but do no damage. You block the wolf's attack.
The wolf bites you!
* * * LOW HITPOINT WARNING * * *
You block the wolf's attack.
You closely miss the wolf. You block the bullfrog's attack.
The wolf barely misses you.
You miss the wolf. You block the bullfrog's attack. The wolf bites you.
* * * LOW HITPOINT WARNING * * *
You block the wolf's attack.
You completely miss the wolf. You block the bullfrog's attack.
The wolf bites you.
* * * LOW HITPOINT WARNING * * *
The wolf bites you!
You die...

#................
####+++####...............
#....☼....#.............#.
#.Z.....☼.#.............#.
#..°°○°○..#.............^. ..
#..○?)Z○..#...............
...#.°.(©(Z○.#.†.............
...###########...............
........©...@h...............
............hF...............
.............................
.............................
..............<..............
.............................
.............................
.............................
.............................


You could see 2 wolves, a bullfrog and a wolf spider simulacrum (wandering).

Vanquished Creatures
  Fannar (D:10)
  Erolcha (D:10)
  A two-headed ogre (D:9)
  An oklob plant (D:11)
  A cyclops (D:11)
  Joseph (D:7)
  A cane toad (D:11)
  A gargoyle (D:11)
  Maggie (D:8)
  Psyche (D:10)
  3 kobold demonologists
  A komodo dragon (Lair:1)
  2 trolls (D:11)
  A hornet (D:9)
  A shadow (D:11)
  A wyvern (Lair:1)
  2 humans (D:10)
  23 yaks
  A basilisk (Lair:1)
  4 vampire mosquitoes (D:9)
  Menkaure (D:7)
  Edmund (D:5)
  Duvessa (D:5)
  A water moccasin (D:8)
  3 sky beasts
  2 black bears (D:6)
  2 ice beasts
  6 orc warriors
  2 centaurs
  An ogre (D:6)
  2 wolves (Lair:1)
  A phantom (D:6)
  6 kobold brigands
  A gnoll sergeant (D:11)
  2 bullfrogs
  3 scorpions
  14 wights
  Dowan (D:5)
  6 killer bees
  A howler monkey (D:9)
  6 hounds
  7 orc priests
  3 jellies
  A sleepcap (D:8)
  Ijyb (D:3)
  4 iguanas
  14 orc wizards
  A mummy (D:5)
  Robin (D:2)
  8 gnolls
  10 adders
  A shadow imp (D:5)
  A white imp (D:6)
  An ufetubus (D:5)
  3 worms
  3 dart slugs
  40 orcs
  9 bats
  8 endoplasms
  3 giant cockroaches
  14 goblins
  9 hobgoblins
  30 kobolds
  5 quokkas
  5 ball pythons
  6 frilled lizards
  A hobgoblin zombie (D:5)
  2 kobold zombies (D:5)
  An orc zombie (D:5)
  23 rats
327 creatures vanquished.

Vanquished Creatures (others)
  A human (D:7)
  8 plants
9 creatures vanquished.

Grand Total: 336 creatures vanquished

Notes
Turn   | Place    | Note
-------+----------+-------------------------------------------
     0 | D:1      | billz999 the Troll Fighter began the quest for the Orb.
     0 | D:1      | Reached XP level 1. HP: 22/22 MP: 0/0
   116 | D:1      | Reached XP level 2. HP: 29/29 MP: 1/1
   267 | D:1      | Reached skill level 3 in Shields
   417 | D:1      | Reached XP level 3. HP: 36/36 MP: 2/2
   610 | D:2      | Noticed Robin
   671 | D:2      | Killed Robin
   679 | D:2      | Reached XP level 4. HP: 44/44 MP: 3/3
  1023 | D:2      | Reached XP level 5. HP: 50/50 MP: 4/4
  1086 | D:2      | Reached skill level 4 in Shields
  1321 | D:3      | Noticed Ijyb
  1329 | D:3      | Killed Ijyb
  1540 | D:3      | Found a faded altar of an unknown god.
  1544 | D:3      | Found an opulent altar of Gozag.
  2062 | D:4      | Found a glowing golden altar of the Shining One.
  2443 | D:5      | Entered Level 5 of the Dungeon
  2476 | D:5      | You fall into a shaft and drop 1 floor!
  2604 | D:6      | Noticed a phantom
  2611 | D:6      | Killed a phantom
  2612 | D:6      | Reached XP level 6. HP: 59/59 MP: 5/5
  2660 | D:6      | Reached skill level 5 in Shields
  2723 | D:6      | Reached XP level 7. HP: 51/66 MP: 6/6
  2725 | D:6      | Reached skill level 5 in Unarmed Combat
  2727 | D:6      | Reached skill level 6 in Shields
  3358 | D:6      | Reached skill level 7 in Shields
  3389 | D:6      | Reached XP level 8. HP: 46/74 MP: 7/7
  3491 | D:6      | Reached skill level 8 in Shields
  3918 | D:7      | Found Ronumisi's Serpentskin Sales.
  4019 | D:7      | Found a shadowy altar of Dithmenos.
  4114 | D:7      | Reached skill level 9 in Shields
  4114 | D:7      | Reached XP level 9. HP: 76/80 MP: 8/8
  4140 | D:7      | Noticed Menkaure
  4144 | D:7      | Found a staircase to the Ecumenical Temple.
  4145 | D:7      | Killed Menkaure
  4193 | Temple   | Entered the Ecumenical Temple
  4256 | Temple   | Became a worshipper of Makhleb the Destroyer
  4502 | D:5      | Noticed Edmund
  4521 | D:5      | Killed Edmund
  5173 | D:5      | Noticed Dowan
  5175 | D:5      | Noticed Duvessa
  5186 | D:5      | Killed Duvessa
  5187 | D:5      | Reached skill level 1 in Throwing
  5192 | D:5      | Killed Dowan
  5391 | D:5      | Found a bloodstained altar of Trog.
  5694 | D:7      | Noticed Joseph
  5708 | D:7      | Killed Joseph
  5708 | D:7      | Reached * piety under Makhleb
  5855 | D:7      | Found an ancient bone altar of Kikubaaqudgha.
  6242 | D:8      | Identified the +1 sling "Nuqir" {drain, Str+2 Int+4 Dex-3}
  6348 | D:8      | Noticed Maggie
  6361 | D:8      | Killed Maggie
  6362 | D:8      | Reached XP level 10. HP: 85/92 MP: 9/9
  6454 | D:8      | Reached skill level 10 in Shields
  6552 | D:8      | Found a shimmering blue altar of Sif Muna.
  6934 | D:9      | Reached ** piety under Makhleb
  6993 | D:9      | Paralysed by a hornet for 1 turns
  7073 | D:9      | Found Bizu Fong's Antique Armour Shoppe.
  7092 | D:9      | Found a broken altar of Ashenzari.
  7096 | D:9      | Saw a vision of the Shoals and the Spider Nest.
  7096 | D:9      | Noticed a sea snake
  7096 | D:9      | Noticed a sea snake
  7096 | D:9      | Noticed a manticore
  7096 | D:9      | Noticed a torpor snail
  7096 | D:9      | Noticed a broodmother
  7102 | D:9      | Noticed a pharaoh ant
  7103 | D:9      | Noticed a death scarab
  7216 | D:9      | Noticed a two-headed ogre
  7224 | D:9      | Killed a two-headed ogre
  7225 | D:9      | Reached skill level 5 in Fighting
  7442 | D:9      | Found a staircase to the Orcish Mines.
  7639 | D:10     | Entered Level 10 of the Dungeon
  7706 | D:9      | Reached *** piety under Makhleb
  7770 | D:10     | Noticed a rust devil
  7825 | D:10     | Upgraded the game from 0.30-a0-1082-g70414cbcbb to
                  | 0.30-a0-1085-g990a428a5c
  7914 | D:10     | Reached XP level 11. HP: 59/109 MP: 10/10
  8151 | D:10     | Noticed Fannar
  8152 | D:10     | Noticed Erolcha
  8174 | D:10     | Killed Erolcha
  8186 | D:10     | Killed Fannar
  8322 | D:10     | Found an iron altar of Okawaru.
  8442 | D:10     | Reached skill level 11 in Shields
  8614 | D:10     | Noticed Psyche
  8624 | D:10     | Killed Psyche
  8625 | D:10     | Reached skill level 10 in Unarmed Combat
  8899 | D:11     | Found Gumotzel's Armour Boutique.
  8907 | D:11     | Found Oggouqut's Book Shop.
  9181 | D:11     | Found Amu Foomo's Assorted Antiques.
  9224 | D:11     | Found a staircase to the Lair.
  9229 | D:11     | Noticed an oklob plant
  9277 | D:11     | Killed an oklob plant
  9294 | Lair:1   | Entered Level 1 of the Lair of Beasts
  9294 | Lair:1   | Found a transporter.
  9302 | D:11     | Reached **** piety under Makhleb
  9607 | D:11     | Found Virchikhli's Antique Weapon Emporium.
 10196 | Lair:1   | Reached XP level 12. HP: 60/122 MP: 11/11
 10219 | Lair:1   | Slain by a wolf

Illustrated notes

Levels and vault maps discovered:
D:1:      saegor_arrival_simple_d, layout_loops_ring
D:2:      layout_basic, minmay_rat_hole, uniq_robin
D:3:      cheibrodos_helix_gallery, layout_loops_ring,
          nicolae_overflow_ecumenical_swirl, uniq_ijyb
D:4:      layout_loops_ring, mainiacjoe_overflow_small_starburst,
          hangedman_decor_push
D:5:      layout_basic, old_standard_altar, minmay_mini_ossuary, uniq_duvessa,
          uniq_edmund
D:6:      minmay_chambers_of_threes, layout_basic
D:7:      layout_loops_ring, tgw_kikubaaqudgha,
          nicolae_dithmenos_through_a_glass_darkly,
          minmay_temple_entry_junction, guppyfry_shop_venom, uniq_menkaure,
          uniq_joseph
D:8:      layout_basic, led_sif_pool, uniq_maggie
D:9:      layout_roguey, grunt_ashenzari_visionary
          [grunt_ashenzari_visionary_shoals, grunt_ashenzari_visionary_spider],
          david_orc_4, serial_shops, nicolae_shop_waterfront
D:10:     layout_irregular_city, okawaru_humans, uniq_fannar, uniq_psyche,
          uniq_erolcha
D:11:     layout_roguey, dpeg_oklobed_lair, serial_shops,
          nicolae_book_shop_shelving, shop, shop, nicolae_shop_advertising_works
          [nicolae_subvault_shop_adworks]
Temple:   jpeg_temple_clearing
Lair:1:   gammafunk_cloud_chamber, layout_regular_city,
          ebering_ghost_reflecting_pool, beast_lair_carwin_3,
          serial_bayou_shore_a, grunt_megastairs_2

Skill      XL: |  1  2  3  4  5  6  7  8  9 10 11 12 |
---------------+-------------------------------------+-----
Shields        | 3 4 5 7 9 10 11 | 11.8
Unarmed Combat | 3 4 5 7 8 9 10 | 10.5
Throwing       | 4 |  4.1
Fighting       | 3 7 8 9 |  9.0
Dodging        | |  2.6

Action                     |  1- 3 |  4- 6 |  7- 9 | 10-12 || total
---------------------------+-------+-------+-------+-------++-------
  Melee: Unarmed           |    90 |   207 |   340 |   467 ||  1104
  Throw: Dart              |       |       |     5 |       ||     5
         Javelin           |       |       |     1 |       ||     1
         Large rock        |       |       |       |     8 ||     8
  Evoke: Wand              |       |       |     4 |    10 ||    14
    Use: Potion            |     1 |       |       |     3 ||     4
         Scroll            |       |       |       |     1 ||     1
 Armour: Robe              |    43 |    44 |    56 |    64 ||   207
  Dodge: Dodged            |    32 |    55 |    91 |   141 ||   319
  Block: Kite shield       |    34 |    77 |    66 |       ||   177
         Tower shield      |       |       |   123 |   352 ||   475

Table legend: (Time is in decaauts)
 A = Elapsed time spent in this place.
 B = Non-inter-level travel time spent in this place.
 C = Inter-level travel time spent in this place.
 D = Time resting spent in this place.
 E = Time spent auto-exploring this place.
 F = Levels seen in this place.
 G = Mean time per level.
                   A        B        C        D        E       F      G
               +--------+--------+--------+--------+--------+-----+--------+
         Total |  10270 |   9569 |    701 |    620 |   6436 |  13 |  790.0 |
       Dungeon |   9975 |   9315 |    660 |    567 |   6342 |  11 |  906.8 |
        Temple |     78 |     39 |     39 |      0 |     30 |   1 |   78.0 |
          Lair |    216 |    215 |      1 |     53 |     64 |   1 |  216.0 |
               +--------+--------+--------+--------+--------+-----+--------+

Top non-repeatable levels by time:
     D:6: 1632 daAuts
    D:10: 1202 daAuts
     D:5: 1014 daAuts
    D:11: 1001 daAuts
     D:9: 942 daAuts
     D:7: 897 daAuts
     D:8: 818 daAuts
     D:3: 632 daAuts
     D:4: 628 daAuts
     D:1: 619 daAuts
     D:2: 585 daAuts
  Lair:1: 216 daAuts
  Temple: 78 daAuts
